 Dungeon Crawl Stone Soup version 0.24-a0-235-g3f03afc (webtiles) character file.

Game seed: 17028021110490983421

21255 Mgcat the Cleaver (level 12, -1/129 HPs)
             Began as a Demonspawn Berserker on Apr 7, 2019.
             Was a High Priest of Trog.
             Slain by a jumping spider (5 damage)
             ... on level 4 of the Lair of Beasts on Apr 8, 2019.
             The game lasted 00:38:49 (17064 turns).

Mgcat the Cleaver (Demonspawn Berserker)           Turns: 17064, Time: 00:38:50

Health: -1/129     AC: 17    Str: 29    XL:     12   Next: 52%
Magic:  0/15       EV: 11    Int: 10    God:    Trog [*****.]
Gold:   595        SH:  0    Dex: 13    Spells: 11/11 levels left

rFire    + + .     SeeInvis .   a - +5 battleaxe
rCold    + + .     Gourm    .   (shield currently unavailable)
rNeg     . . .     Faith    .   F - +0 chain mail {MR+}
rPois    .         Spirit   +   D - +1 helmet
rElec    .         Reflect  .   s - scarf {rC+ rF+}
rCorr    .         Harm     .   B - +2 pair of gloves {Str+3}
MR       +++..                  (boots unavailable)
Stlth    ..........             E - amulet of guardian spirit {Spirit}
HPRegen  1.31/turn              o - ring of stealth {Stlth+}
MPRegen  0.14/turn              y - ring of protection from cold {rC+, !d}

@: berserking, lethally poisoned (-1 -> -27), regenerating, very quick
A: talons 3, icy blue scales 1, fire resistance 1, nightstalker 1, flame cloud
immunity
a: Berserk, Trog's Hand, Brothers in Arms, Renounce Religion


You were on level 4 of the Lair of Beasts.
You worshipped Trog.
Trog was extremely pleased with you.
You were near starving.

You visited 3 branches of the dungeon, and saw 16 of its levels.

You collected 1167 gold pieces.
You spent 572 gold pieces at shops.

Inventory:

Hand Weapons
 a - a +5 battleaxe (weapon)
   (You took it off a wight on level 10 of the Dungeon)
 b - a +0 shortbow
   (You took it off a centaur on level 2 of the Dungeon)
 u - a +4 antimagic broad axe
   (Trog gifted it to you on level 11 of the Dungeon)
Missiles
 g - 4 throwing nets {=f, !d}
 l - 155 arrows
Armour
 s - a scarf of resistance (worn)
   (You found it on level 7 of the Dungeon)
 B - a +2 pair of gloves of strength (worn)
   (You found it on level 9 of the Dungeon)
 D - a +1 helmet (worn)
   (You found it on level 8 of the Dungeon)
 F - a +0 chain mail of magic resistance (worn)
   (You took it off Harold on level 1 of the Lair of Beasts)
Jewellery
 o - a ring of stealth (left hand) {Stlth+}
   (You took it off a goblin on level 2 of the Dungeon)
 y - a ring of protection from cold (right hand) {rC+, !d}
   (You found it on level 9 of the Dungeon)
 E - an amulet of guardian spirit (around neck) {Spirit}
   (You found it on level 3 of the Lair of Beasts)
Wands
 v - a wand of polymorph (7)
   (You found it on level 7 of the Dungeon)
 A - a wand of random effects (21)
   (You found it on level 7 of the Dungeon)
 C - a wand of flame (16)
   (You found it on level 3 of the Lair of Beasts)
Scrolls
 e - 3 scrolls of immolation {!r}
 f - 4 scrolls of remove curse
 h - a scroll of identify
 i - 4 scrolls of blinking {!r}
 n - 6 scrolls of teleportation
Potions
 j - 2 potions of flight
 k - a potion of might
 m - 3 potions of haste
 p - 4 potions of brilliance
 q - 2 potions of cancellation
 t - 6 potions of curing
 x - 2 potions of lignification {!q}
 z - a potion of mutation {!q}
Miscellaneous
 d - a lightning rod (4/4)
   (You found it on level 10 of the Dungeon)
Comestibles
 c - 25 rations
 r - 11 chunks of flesh {@w0}


   Skills:
 - Level 5.0 Fighting
 + Level 14.2 Axes
 - Level 9.3 Bows
 - Level 5.0 Armour
 - Level 5.0 Dodging
 - Level 5.0 Evocations


You had 11 spell levels left.
You didn't know any spells.
Your spell library was empty.

Dungeon Overview and Level Annotations

Branches:
Dungeon (11/15)            Temple (1/1) D:6            Lair (4/6) D:11
 Shoals (0/4) Lair:3          Orc (0/2) D:9
  Snake: Lair:2-4    Spider: Lair:2-4

Altars:
Cheibriados
Dithmenos
Gozag
Hepliaklqana
Nemelex Xobeh
Qazlal
Vehumet
Xom
Zin

Shops:
D:4 :   D:5 *   D:7 [   D:9 *   D:10 [   D:11 *

Annotations:
D:5 1 transporter, xeno23's ghost, novice OpAs
D:8 1 runed translucent door, Sprog's ghost, novice DEFE
D:9 2 runed translucent doors, exclusion: door
D:11 3 runed translucent doors, Inarius's ghost, journeyman DsAK
Lair:1 1 runed translucent door


Innate Abilities, Weirdness & Mutations

You have claws for feet.
You are partially covered in icy blue scales. (AC +2)
Your flesh is heat resistant. (rF+)
You are slightly more attuned to the shadows.
You are immune to clouds of flame.


Message History

Warning x3: The jumping spider is fast and can ensnare you in webs!
The wolf spider is fast and can hit for high damage in melee, and can poison!
The wolf spider is very fast and can hit for moderate damage in melee!
Unknown command.
Warning x3: The jumping spider is fast and can ensnare you in webs!
The wolf spider is fast and can hit for high damage in melee, and can poison!
The wolf spider is very fast and can hit for moderate damage in melee!
Unknown command.
Warning x3: The jumping spider is fast and can ensnare you in webs!
The wolf spider is fast and can hit for high damage in melee, and can poison!
The wolf spider is very fast and can hit for moderate damage in melee!
You feel much better.
You feel very sick. The wolf spider closely misses you.
The wolf spider bites you!
The jumping spider leaps!
The wolf spider barely misses you.
The wolf spider bites you but does no damage.
The jumping spider leaps!
You regained 12 hp, and now have 33/86 hp.
Warning x3: The jumping spider is fast and can ensnare you in webs!
The wolf spider is fast and can hit for high damage in melee, and can poison!
The wolf spider is very fast and can hit for moderate damage in melee!
Unknown command.
Warning x3: The jumping spider is fast and can ensnare you in webs!
The wolf spider is fast and can hit for high damage in melee, and can poison!
The wolf spider is very fast and can hit for moderate damage in melee!
Unknown command.
Warning x3: The jumping spider is fast and can ensnare you in webs!
The wolf spider is fast and can hit for high damage in melee, and can poison!
The wolf spider is very fast and can hit for moderate damage in melee!
Unknown command.
Warning x3: The jumping spider is fast and can ensnare you in webs!
The wolf spider is fast and can hit for high damage in melee, and can poison!
The wolf spider is very fast and can hit for moderate damage in melee!
Your chain mail prevents you from hitting the wolf spider.
The wolf spider is severely wounded.
You feel very sick. The wolf spider hits you!
* * * LOW HITPOINT WARNING * * *
The wolf spider bites you but does no damage.
The jumping spider leaps!
You take 13 damage, and have 20/86 hp.
You now have 3/15 mp.
Warning x3: The jumping spider is fast and can ensnare you in webs!
The wolf spider is fast and can hit for high damage in melee, and can poison!
The wolf spider is very fast and can hit for moderate damage in melee!
Unknown command.
Warning x3: The jumping spider is fast and can ensnare you in webs!
The wolf spider is fast and can hit for high damage in melee, and can poison!
The wolf spider is very fast and can hit for moderate damage in melee!
Unknown command.
Warning x3: The jumping spider is fast and can ensnare you in webs!
The wolf spider is fast and can hit for high damage in melee, and can poison!
The wolf spider is very fast and can hit for moderate damage in melee!
Unknown command.
Warning x3: The jumping spider is fast and can ensnare you in webs!
The wolf spider is fast and can hit for high damage in melee, and can poison!
The wolf spider is very fast and can hit for moderate damage in melee!
Unknown command.
Warning x3: The jumping spider is fast and can ensnare you in webs!
The wolf spider is fast and can hit for high damage in melee, and can poison!
The wolf spider is very fast and can hit for moderate damage in melee!
Unknown command.
Warning x3: The jumping spider is fast and can ensnare you in webs!
The wolf spider is fast and can hit for high damage in melee, and can poison!
The wolf spider is very fast and can hit for moderate damage in melee!
You feel much better.
You feel very sick. The wolf spider hits you. The wolf spider bites you!
The jumping spider leaps!
The wolf spider hits you.
The wolf spider bites you but does no damage.
The jumping spider pounces on you but does no damage.
The jumping spider bites you but does no damage.
You regained 8 hp, and now have 28/86 hp.
You now have 2/15 mp.
Warning x3: The wolf spider is fast and can hit for high damage in melee, and can poison!
The wolf spider is very fast and can hit for moderate damage in melee!
The jumping spider is fast and can ensnare you in webs!
Unknown command.
Warning x3: The wolf spider is fast and can hit for high damage in melee, and can poison!
The wolf spider is very fast and can hit for moderate damage in melee!
The jumping spider is fast and can ensnare you in webs!
Unknown command.
Warning x3: The wolf spider is fast and can hit for high damage in melee, and can poison!
The wolf spider is very fast and can hit for moderate damage in melee!
The jumping spider is fast and can ensnare you in webs!
Unknown command.
Warning x3: The wolf spider is fast and can hit for high damage in melee, and can poison!
The wolf spider is very fast and can hit for moderate damage in melee!
The jumping spider is fast and can ensnare you in webs!
A red film seems to cover your vision as you go berserk!
You feel yourself moving faster!
You feel mighty!
You are near starving!
You feel very sick. The wolf spider hits you!
* * * LOW HITPOINT WARNING * * *
The wolf spider bites you.
* * * LOW HITPOINT WARNING * * *
The jumping spider pounces on you but does no damage.
The jumping spider barely misses you.
You now have 30/129 hp.
Warning x3: The wolf spider is fast and can hit for high damage in melee, and can poison!
The wolf spider is very fast and can hit for moderate damage in melee!
The jumping spider is fast and can ensnare you in webs!
Unknown command.
Warning x3: The wolf spider is fast and can hit for high damage in melee, and can poison!
The wolf spider is very fast and can hit for moderate damage in melee!
The jumping spider is fast and can ensnare you in webs!
Unknown command.
Warning x3: The wolf spider is fast and can hit for high damage in melee, and can poison!
The wolf spider is very fast and can hit for moderate damage in melee!
The jumping spider is fast and can ensnare you in webs!
Unknown command.
Warning x3: The wolf spider is fast and can hit for high damage in melee, and can poison!
The wolf spider is very fast and can hit for moderate damage in melee!
The jumping spider is fast and can ensnare you in webs!
You slash the wolf spider!
The wolf spider is almost dead.
You closely miss the jumping spider.
You feel sick. The wolf spider hits you!
* * * LOW HITPOINT WARNING * * *
The wolf spider bites you but does no damage.
The jumping spider closely misses you.
The jumping spider bites you but does no damage.
You take 10 damage, and have 20/129 hp.
You now have 1/15 mp.
Warning x3: The wolf spider is fast and can hit for high damage in melee, and can poison!
The wolf spider is very fast and can hit for moderate damage in melee!
The jumping spider is fast and can ensnare you in webs!
Unknown command.
Warning x3: The wolf spider is fast and can hit for high damage in melee, and can poison!
The wolf spider is very fast and can hit for moderate damage in melee!
The jumping spider is fast and can ensnare you in webs!
Unknown command.
Warning x3: The wolf spider is fast and can hit for high damage in melee, and can poison!
The wolf spider is very fast and can hit for moderate damage in melee!
The jumping spider is fast and can ensnare you in webs!
Unknown command.
Warning x3: The wolf spider is fast and can hit for high damage in melee, and can poison!
The wolf spider is very fast and can hit for moderate damage in melee!
The jumping spider is fast and can ensnare you in webs!
Unknown command.
Warning x3: The wolf spider is fast and can hit for high damage in melee, and can poison!
The wolf spider is very fast and can hit for moderate damage in melee!
The jumping spider is fast and can ensnare you in webs!
You closely miss the wolf spider.
You claw the wolf spider, but do no damage.
The wolf spider is almost dead.
You miss the jumping spider.
You feel sick. The wolf spider misses you. The wolf spider bites you.
* * * LOW HITPOINT WARNING * * *
You are lethally poisoned!
The wolf spider poisons you! The jumping spider pounces on you!
* * * LOW HITPOINT WARNING * * *
The jumping spider bites you.
You die...

## #...# ..### ##..##
...### #### ##..##
#...P# #.P###....#
##...# ##...#.....#
###....# ##.#.........
#^.^..[###.#..........
#^...^##s#.#............
^^^^^##@#.(.#...........
^^.^# #.s........P......
.^s.#..P..P.†...P##.....
..# #.....##......#.....
.# .....#...............
#....................
.##P.................
#.............P.#.
#.......#......P..


You could see a wolf spider and a jumping spider.

Vanquished Creatures
  Harold (Lair:1)
  A hydra (Lair:4)
  A death knight (D:9)
  A two-headed ogre (D:10)
  2 unseen horrors (D:10)
  Pikel (D:8)
  A wizard (D:9)
  A centaur zombie (D:10)
  An elephant (Lair:1)
  3 black mambas
  3 spiny frogs
  A rime drake (Lair:4)
  2 kobold demonologists (D:11)
  4 komodo dragons
  A polar bear (Lair:3)
  A jumping spider (Lair:4)
  4 trolls
  A hornet (D:9)
  6 hippogriffs
  A snapping turtle (Lair:3)
  Prince Ribbit (D:8)
  A spriggan (D:11)
  2 wyverns
  6 yaks
  A hungry ghost (D:10)
  Menkaure (D:4)
  3 wargs (D:11)
  Duvessa (D:4)
  5 water moccasins
  4 porcupines
  3 orc warriors
  An ice beast (D:6)
  2 sky beasts
  2 slaves (D:8)
  A necrophage (D:10)
  3 phantoms
  7 ogres
  2 centaurs
  8 wolves
  A big kobold (D:11)
  8 crocodiles
  A gnoll sergeant (D:9)
  10 bullfrogs
  Dowan (D:4)
  4 scorpions
  9 killer bees
  5 wights (D:10)
  3 howler monkeys
  2 crimson imps
  A quasit (D:10)
  A bullfrog zombie (D:10)
  3 jellies
  20 orc wizards
  Crazy Yiuf (D:2)
  7 orc priests
  A bullfrog skeleton (D:6)
  3 hounds
  3 centaur skeletons
  3 worker ants
  2 iguanas
  A killer bee zombie (D:6)
  A hound zombie (D:8)
  A worker ant zombie (D:6)
  Robin (D:3)
  8 gnolls
  12 adders
  An ooze (D:3)
  2 adder skeletons
  5 worms
  A dart slug (D:3)
  8 leopard geckos
  33 orcs
  A ball python (D:2)
  2 giant cockroaches
  18 goblins
  10 hobgoblins
  11 jackals
  5 quokkas
  7 bats
  4 frilled lizards
  A jackal skeleton (D:6)
  6 kobolds
  A leopard gecko skeleton (D:4)
  A quokka skeleton (D:7)
  A quokka zombie (D:6)
  9 rats
  A fungus (Lair:1)
  A plant (Lair:1)
333 creatures vanquished.

Vanquished Creatures (others)
  A worker ant zombie (D:8)
  A howler monkey skeleton (D:8)
  4 fungi
  9 toadstools (Lair:1)
15 creatures vanquished.

Grand Total: 348 creatures vanquished

Notes
Turn   | Place    | Note
-------+----------+-------------------------------------------
     0 | D:1      | Mgcat the Demonspawn Berserker began the quest for the Orb.
     0 | D:1      | Reached XP level 1. HP: 18/18 MP: 1/1
   288 | D:1      | Reached skill level 3 in Axes
   405 | D:1      | Gained mutation: You have sharp toenails. [demonic
                  | ancestry]
   405 | D:1      | Reached XP level 2. HP: 20/24 MP: 2/2
  1060 | D:2      | Gained mutation: Your flesh is heat resistant. (rF+)
                  | [demonic ancestry]
  1060 | D:2      | Reached XP level 3. HP: 30/30 MP: 3/3
  1250 | D:2      | Noticed a centaur
  1262 | D:2      | Killed a centaur
  1262 | D:2      | Reached skill level 4 in Fighting
  1262 | D:2      | Reached skill level 4 in Axes
  1262 | D:2      | Reached XP level 4. HP: 21/38 MP: 4/4
  1482 | D:2      | Found a runed translucent door.
  1483 | D:2      | Noticed Crazy Yiuf
  1530 | D:2      | Reached ** piety under Trog
  1782 | D:2      | Gained mutation: You are slightly more attuned to the
                  | shadows. [demonic ancestry]
  1782 | D:2      | Reached XP level 5. HP: 43/43 MP: 5/5
  2072 | D:2      | Found a snail-covered altar of Cheibriados.
  2073 | D:2      | Found a radiant altar of Vehumet.
  2229 | D:2      | Killed Crazy Yiuf
  2379 | D:3      | Reached skill level 1 in Bows
  2635 | D:3      | You fall through a shaft for 3 floors!
  2769 | D:6      | Reached skill level 5 in Fighting
  2769 | D:6      | Gained mutation: You have razor-sharp toenails. [demonic
                  | ancestry]
  2769 | D:6      | Reached XP level 6. HP: 51/51 MP: 6/6
  2770 | D:6      | Noticed a sky beast
  2797 | D:6      | Reached skill level 2 in Bows
  2802 | D:6      | HP: 9/51 [something (5)]
  2897 | D:6      | Killed a sky beast
  2897 | D:6      | Reached skill level 5 in Axes
  3241 | D:6      | Reached skill level 3 in Bows
  3311 | D:6      | Noticed an ice beast
  3317 | D:6      | Gained mutation: You are immune to clouds of flame.
                  | [demonic ancestry]
  3317 | D:6      | Reached XP level 7. HP: 56/56 MP: 7/7
  3374 | D:6      | Found a staircase to the Ecumenical Temple.
  3378 | Temple   | Entered the Ecumenical Temple
  3389 | Temple   | Reached skill level 4 in Bows
  3561 | D:5      | Entered Level 5 of the Dungeon
  3737 | D:5      | Reached skill level 6 in Axes
  3956 | D:4      | Noticed Duvessa
  3966 | D:4      | Killed Duvessa
  3968 | D:4      | Noticed Dowan
  3980 | D:4      | Killed Dowan
  3980 | D:4      | Reached XP level 8. HP: 61/62 MP: 8/8
  4108 | D:4      | Reached skill level 5 in Bows
  4184 | D:4      | Noticed Menkaure
  4190 | D:4      | Killed Menkaure
  4190 | D:4      | Reached skill level 7 in Axes
  4214 | D:4      | Reached *** piety under Trog
  4261 | D:4      | Found Rehapriz's Book Shoppe.
  5389 | D:3      | Noticed Robin
  5398 | D:3      | Killed Robin
  5580 | D:5      | Noticed xeno23's ghost (novice OpAs)
  5581 | D:5      | Found a transporter.
  5582 | D:5      | Identified the +7 dire flail of the Abyss {drain, +Inv
                  | Str+2 Int+3}
  5711 | D:5      | Found Huig's Assorted Antiques.
  5715 | D:5      | Bought 2 scrolls labeled CIRRUS CEAGE for 38 gold pieces
  5715 | D:5      | Bought a scroll of blinking for 142 gold pieces
  5715 | D:5      | Bought a war axe for 66 gold pieces
  5723 | D:5      | Bought a scroll of identify for 38 gold pieces
  5974 | D:6      | Reached skill level 8 in Axes
  6327 | D:7      | Reached skill level 9 in Axes
  6501 | D:7      | Found Kaihy's Antique Armour Shop.
  6576 | D:7      | Reached XP level 9. HP: 62/68 MP: 9/9
  6695 | D:7      | Reached **** piety under Trog
  7395 | D:8      | Found a runed translucent door.
  7395 | D:8      | Found a shimmering altar of Xom.
  7395 | D:8      | Noticed Sprog's ghost (novice DEFE)
  7395 | D:8      | Noticed a +1 dagger of chaos
  7406 | D:8      | Noticed Pikel
  7427 | D:8      | Killed Pikel
  7427 | D:8      | Reached skill level 6 in Bows
  7558 | D:8      | Reached skill level 10 in Axes
  7675 | D:8      | Noticed Prince Ribbit
  7697 | D:8      | Killed Prince Ribbit
  7697 | D:8      | Reached skill level 7 in Bows
  8002 | D:8      | Found a shadowy altar of Dithmenos.
  8031 | D:8      | Found a sparkling altar of Nemelex Xobeh.
  8038 | D:8      | Found a stormy altar of Qazlal.
  8431 | D:9      | Found a staircase to the Orcish Mines.
  8626 | D:9      | Noticed a troll
  8637 | D:9      | Killed a troll
  8637 | D:9      | Gained mutation: You have claws for feet. [demonic
                  | ancestry]
  8637 | D:9      | Reached XP level 10. HP: 74/74 MP: 10/10
  8714 | D:9      | Paralysed by a hornet for 2 turns
  8722 | D:9      | HP: 17/74 [poisoned by a hornet]
  8727 | D:9      | HP: 11/74 [poisoned by a hornet]
  8854 | D:9      | Reached skill level 8 in Bows
  8912 | D:9      | Reached ***** piety under Trog
  8963 | D:9      | Received a gift from Trog
  9060 | D:9      | Identified a scroll of acquirement
  9120 | D:9      | Reached skill level 11 in Axes
  9159 | D:9      | Noticed a wizard
  9165 | D:9      | Killed a wizard
  9239 | D:9      | HP: 17/74 [poisoned by a water moccasin]
  9244 | D:9      | HP: 13/74 [poisoned by a water moccasin]
  9250 | D:8      | HP: 10/74 [poisoned by a water moccasin]
  9256 | D:8      | HP: 9/74 [poisoned by a water moccasin]
  9264 | D:8      | HP: 9/74 [poisoned by a water moccasin]
  9838 | D:9      | Found a runed translucent door.
  9838 | D:9      | Found a runed translucent door.
  9838 | D:9      | Noticed a gargoyle
  9838 | D:9      | Noticed a cyclops
  9856 | D:9      | Found Wuorch's Assorted Antiques.
  9887 | D:9      | Noticed a death knight
  9921 | D:9      | Killed a death knight
  9921 | D:9      | Reached skill level 9 in Bows
 10620 | D:10     | Entered Level 10 of the Dungeon
 10843 | D:10     | Noticed a two-headed ogre
 10867 | D:10     | Killed a two-headed ogre
 10867 | D:10     | Reached skill level 12 in Axes
 10867 | D:10     | Reached skill level 1 in Evocations
 10867 | D:10     | Reached XP level 11. HP: 79/79 MP: 10/12
 10974 | D:10     | Reached skill level 2 in Evocations
 11295 | D:10     | Reached skill level 3 in Evocations
 11300 | D:10     | Received a gift from Trog
 11588 | D:10     | Killed an unseen horror
 11588 | D:10     | Reached skill level 4 in Evocations
 11655 | D:10     | Found Sauc's Antique Armour Shop.
 11698 | D:10     | Killed an unseen horror
 12118 | D:11     | Reached skill level 5 in Evocations
 12124 | D:11     | Received a gift from Trog
 12352 | D:11     | Found a staircase to the Lair.
 12385 | D:11     | Found a runed translucent gate.
 12385 | D:11     | Found a runed translucent gate.
 12386 | D:11     | Found a runed translucent gate.
 12386 | D:11     | Found an opulent altar of Gozag.
 12387 | D:11     | Noticed Inarius's ghost (journeyman DsAK)
 12388 | D:11     | Noticed a yaktaur captain
 12389 | D:11     | Found Plog's Assorted Antiques.
 12561 | D:11     | Reached skill level 13 in Axes
 12995 | Lair:1   | Entered Level 1 of the Lair of Beasts
 13369 | D:7      | Bought an ancient ring mail for 288 gold pieces
 13369 | D:7      | Identified the +1 ring mail of Vehumet's Scorn {rF- Int+4
                  | Dex+4 SInv} (You bought it in a shop on level 7 of the
                  | Dungeon)
 13932 | Lair:1   | Noticed a catoblepas
 13932 | Lair:1   | Noticed a dire elephant
 13933 | Lair:1   | Found the +4 moon troll leather armour {Spirit, Regen++
                  | MP+5}
 13952 | Lair:1   | Found a runed translucent door.
 14156 | Lair:1   | Noticed Harold
 14172 | Lair:1   | Killed Harold
 14280 | Lair:1   | Reached skill level 14 in Axes
 14280 | Lair:1   | Gained mutation: You are partially covered in icy blue
                  | scales. (AC +2) [demonic ancestry]
 14280 | Lair:1   | Reached XP level 12. HP: 49/86 MP: 15/15
 14505 | Lair:1   | Reached skill level 2 in Armour
 14505 | Lair:1   | Reached skill level 2 in Dodging
 15889 | Lair:3   | Reached skill level 3 in Armour
 15889 | Lair:3   | Reached skill level 3 in Dodging
 16066 | Lair:3   | Found a staircase to the Shoals.
 16309 | Lair:4   | Noticed a seven-headed hydra
 16316 | Lair:4   | Killed a nine-headed hydra
 16506 | Lair:4   | Reached skill level 4 in Armour
 16506 | Lair:4   | Reached skill level 4 in Dodging
 16721 | Lair:4   | Reached skill level 5 in Armour
 16721 | Lair:4   | Reached skill level 5 in Dodging
 17058 | Lair:4   | HP: 21/86 [wolf spider (4)]
 17063 | Lair:4   | HP: 29/129 [poisoned by a wolf spider]
 17064 | Lair:4   | HP: 4/129 [jumping spider (12)]
 17064 | Lair:4   | Slain by a jumping spider

Levels and vault maps discovered:
D:1:      lemuel_arrival_hallway, layout_basic
D:2:      layout_loops_ring, gammafunk_temple_overflow_pools, first_ration,
          uniq_crazy_yiuf_cottage
D:3:      cheibrodos_helix_gallery, layout_basic, nrook_mini_vaults, uniq_robin
D:4:      layout_cave_pods, serial_shops, shop, kennysheep_generic_room_11,
          uniq_duvessa, uniq_menkaure
D:5:      layout_basic, serial_shops, nicolae_shop_stone, gammafunk_ghost_smash
D:6:      layout_loops_cross, temple_statues, kennysheep_small_square
D:7:      layout_rooms, serial_shops, shop_fountains, serial_curves,
          eino_curves_03, eino_curves_04, chequers_serial_rivers_room_a
D:8:      layout_basic, minitemple, basic_altar, ebering_ghost_xom,
          uniq_prince_ribbit1, uniq_pikel
D:9:      minmay_the_grid_four_pointed_star
          [minmay_the_grid_triangle_9x9_tough_junction,
          minmay_the_grid_triangle_9x9_pentomino_pain,
          minmay_the_grid_triangle_9x9_minimal,
          minmay_the_grid_triangle_9x9_zippers_vertical,
          minmay_the_grid_prize_inner_circle], layout_basic, orc_0_dummy,
          serial_shops, shop_coins
D:10:     layout_stronghold, serial_shops, shop_statue
D:11:     layout_loops_ring, erik_lair_orcish_takeover, ebering_ghost_gozag,
          the_bakery
Temple:   compressed_dpeg_circular_temple
Lair:1:   gammafunk_lair_enchanted_lake, layout_gridlike, uniq_harold
Lair:2:   layout_regular_city
Lair:3:   layout_long_grid, minmay_shoals_entry_hut
Lair:4:   layout_cave_shapes, spider_nest_entry_funnel_web,
          infiniplex_staircase_pool, grunt_megastairs_5

Skill      XL: |  1  2  3  4  5  6  7  8  9 10 11 12 |
---------------+-------------------------------------+-----
Axes           | 3 4 5 6 9 10 12 14 | 14.2
Fighting       | 4 5 |  5.0
Bows           | 1 3 4 5 7 9 |  9.3
Evocations     | 1 5 |  5.0
Armour         | 5 |  5.0
Dodging        | 5 |  5.0

Action                   |  1- 3 |  4- 6 |  7- 9 | 10-12 || total
-------------------------+-------+-------+-------+-------++-------
Melee: Hand axe          |    84 |    87 |   169 |       ||   340
       War axe           |       |       |   178 |   160 ||   338
       Kick              |       |       |       |   140 ||   140
       Battleaxe         |       |       |       |   312 ||   312
 Fire: Shortbow          |       |    54 |   170 |    21 ||   245
Invok: Berserk           |     2 |     7 |     6 |    12 ||    27
       Trog's Hand       |       |     1 |       |     2 ||     3
Evoke: Lightning rod     |       |       |       |     1 ||     1
       Wand              |       |       |       |     4 ||     4
  Use: Scroll            |       |     5 |    10 |    11 ||    26
       Potion            |       |     3 |       |     7 ||    10
  Eat: Chunk             |     2 |     9 |    22 |    36 ||    69
       Ration            |       |     1 |       |     1 ||     2
Armor: Animal skin       |    20 |     6 |       |       ||    26
       Ring mail         |       |    42 |    35 |       ||    77
       Chain mail        |       |       |   181 |   279 ||   460
Dodge: Dodged            |    55 |    51 |   199 |   185 ||   490
Block: Buckler           |       |       |       |     7 ||     7

Table legend:
 A = Non-vault XP
 B = Vault XP
 C = Vault XP percentage of total XP
 D = Non-vault monster count
 E = Vault monster count
 F = Vault count percentage of total count
                 A         B        C        D         E       F
            +---------+---------+-------+---------+---------+-------
      Total |   22515 |    7850 |  25.9 |     279 |      50 |  15.2
            +---------+---------+-------+---------+---------+-------
        D:1 |      28 |       0 |   0.0 |      17 |       0 |   0.0
        D:2 |     185 |      41 |  18.1 |      22 |       1 |   4.3
        D:3 |      46 |      40 |  46.5 |      14 |      15 |  51.7
        D:4 |     367 |     408 |  52.6 |      15 |       4 |  21.1
        D:5 |      90 |       0 |   0.0 |       8 |       0 |   0.0
        D:6 |    1051 |      85 |   7.5 |      31 |       1 |   3.1
        D:7 |     791 |       0 |   0.0 |      17 |       0 |   0.0
        D:8 |    1002 |     866 |  46.4 |      25 |       2 |   7.4
        D:9 |    2569 |    2220 |  46.4 |      45 |       8 |  15.1
       D:10 |    5572 |       0 |   0.0 |      31 |       0 |   0.0
       D:11 |    2159 |     861 |  28.5 |      14 |      10 |  41.7
     Temple |     118 |       0 |   0.0 |       1 |       0 |   0.0
     Lair:1 |    1823 |    2088 |  53.4 |      11 |       5 |  31.2
     Lair:2 |    1029 |       0 |   0.0 |       5 |       0 |   0.0
     Lair:3 |     908 |     253 |  21.8 |       4 |       1 |  20.0
     Lair:4 |    4777 |     988 |  17.1 |      19 |       3 |  13.6
            +---------+---------+-------+---------+---------+-------

Levels and vault maps discovered:
D:1:      lemuel_arrival_hallway, layout_basic
D:2:      layout_loops_ring, gammafunk_temple_overflow_pools, first_ration,
          uniq_crazy_yiuf_cottage
D:3:      cheibrodos_helix_gallery, layout_basic, nrook_mini_vaults, uniq_robin
D:4:      layout_cave_pods, serial_shops, shop, kennysheep_generic_room_11,
          uniq_duvessa, uniq_menkaure
D:5:      layout_basic, serial_shops, nicolae_shop_stone, gammafunk_ghost_smash
D:6:      layout_loops_cross, temple_statues, kennysheep_small_square
D:7:      layout_rooms, serial_shops, shop_fountains, serial_curves,
          eino_curves_03, eino_curves_04, chequers_serial_rivers_room_a
D:8:      layout_basic, minitemple, basic_altar, ebering_ghost_xom,
          uniq_prince_ribbit1, uniq_pikel
D:9:      minmay_the_grid_four_pointed_star
          [minmay_the_grid_triangle_9x9_tough_junction,
          minmay_the_grid_triangle_9x9_pentomino_pain,
          minmay_the_grid_triangle_9x9_minimal,
          minmay_the_grid_triangle_9x9_zippers_vertical,
          minmay_the_grid_prize_inner_circle], layout_basic, orc_0_dummy,
          serial_shops, shop_coins
D:10:     layout_stronghold, serial_shops, shop_statue
D:11:     layout_loops_ring, erik_lair_orcish_takeover, ebering_ghost_gozag,
          the_bakery
Temple:   compressed_dpeg_circular_temple
Lair:1:   gammafunk_lair_enchanted_lake, layout_gridlike, uniq_harold
Lair:2:   layout_regular_city
Lair:3:   layout_long_grid, minmay_shoals_entry_hut
Lair:4:   layout_cave_shapes, spider_nest_entry_funnel_web,
          infiniplex_staircase_pool, grunt_megastairs_5

Table legend:
 A = Turns spent in this place as a percentage of turns spent in the entire game.
 B = Non-inter-level travel turns spent in this place as a percentage of non-inter-level travel turns spent in the entire game.
 C = Inter-level travel turns spent in this place as a percentage of turns spent in this place.
 D = Turns resting spent in this place as a percentage of non-inter-level travel turns spent in this place.
 E = Turns spent auto-exploring this place as a percentage of non-inter-level travel turns spent in this place.
 F = Non-inter-level travel turns spent in this place divided by the number of levels of this place that you've seen.
                   A       B       C       D       E      F
               +-------+-------+-------+-------+-------+----------------------
         Total | 100.0 | 100.0 |   4.3 |  23.5 |  59.4 | 1020.4
       Dungeon |  76.5 |  76.3 |   4.6 |  23.7 |  57.5 | 1132.8
        Temple |   0.7 |   0.7 |   0.0 |  87.0 |   0.0 | 115.0
          Lair |  22.8 |  23.0 |   3.6 |  21.1 |  67.6 | 937.5
               +-------+-------+-------+-------+-------+----------------------

Table legend:
 A = Kills in this place as a percentage of kills in entire the game.
 B = Kills by you in this place as a percentage of kills by you in the entire game.
 C = Kills by friends in this place as a percentage of kills by friends in the entire game.
 D = Other kills in this place as a percentage of other kills in the entire game.
 E = Experience gained in this place as a percentage of experience gained in the entire game.
 F = Experience gained in this place divided by the number of levels of this place that you have seen.
                   A       B       C       D       E      F
               +-------+-------+-------+-------+-------+----------------------
         Total | 100.0 | 100.0 |   N/A |   N/A | 100.0 | 1897.8
       Dungeon |  85.1 |  85.1 |   N/A |   N/A |  60.5 | 1671.0
        Temple |   0.3 |   0.3 |   N/A |   N/A |   0.4 | 118.0
          Lair |  14.6 |  14.6 |   N/A |   N/A |  39.1 | 2966.5
               +-------+-------+-------+-------+-------+----------------------
